Map: Disco Bloodbath LE

Players

TurkeyDano - Winner!

  • Race: Protoss Protoss
  • Spawn Location: 3:00

Rhizer

  • Race: Protoss Protoss
  • Spawn Location: 9:00

VOD

Have the link to the VOD?

Description

Time

  • Played on: Sept. 6, 2019, 3:12 p.m.
  • Length: 5:45
Show
View Real Time Build Order
Export as new Build Order

TurkeyDano Protoss - Winner!

Build Orders: Proxy Void Ray 

Get SALT Encoding   

  1  0:00  Probe  
  12  0:04  Probe  
  14  0:17  Pylon  
  14  0:20  Probe  
  15  0:35  Probe  
  16  0:36  Forge  
  16  0:50  Probe  
  17  1:02  Pylon  
  17  1:05  Probe  
  18  1:13  Assimilator  
  18  1:17  Probe  
  19  1:22  Gateway  
  19  1:25  Photon Cannon  
  19  1:29  Probe  
  20  1:39  Probe  
  20  1:44  Assimilator  
  21  1:47  Probe  
  22  1:56  Probe  
  23  2:08  Probe  
  24  2:09  Cybernetics Core  
  24  2:17  Pylon  
  24  2:20  Probe  
  25  2:32  Probe  
  25  2:44  Stargate, Probe  
  25  2:47  Shield Battery  
  25  2:49  Adept  
  28  3:10  Protoss Air Weapons Level 1  
  28  3:11  Shield Battery  
  28  3:12  Photon Cannon  
  28  3:18  Void Ray  
  28  3:19  Adept  
  34  3:40  Pylon  
  32  3:49  Adept  
  32  3:51  Void Ray  
  36  4:16  Shield Battery  
  36  4:23  Probe  
  34  4:32  Shield Battery  
  34  4:34  Void Ray  
  38  4:41  Shield Battery  
  38  4:54  Shield Battery  
  38  4:55  Pylon  
  38  5:03  Shield Battery  
Show
View Real Time Build Order
Export as new Build Order

Rhizer Protoss 

Build Orders:  

Get SALT Encoding   

  12  0:01  Probe  
  13  0:13  Probe  
  14  0:17  Pylon  
  14  0:25  Probe  
  15  0:39  Gateway, Probe  
  16  0:50  Forge  
  16  0:53  Probe  
  17  1:00  Assimilator  
  17  1:06  Probe  
  18  1:16  Assimilator  
  18  1:18  Probe  
  19  1:28  Photon Cannon  
  19  1:33  Cybernetics Core  
  19  1:41  Pylon  
  19  1:46  Probe  
  20  1:59  Photon Cannon  
  21  2:10  Robotics Facility  
  20  2:19  Warp Gate  
  22  2:26  Gateway  
  20  2:35  Gateway  
  20  2:38  Shield Battery  
  20  2:43  Probe  
  21  2:48  Warp Prism  
  23  3:13  Stalker  
  25  3:20  Shield Battery  
  25  3:22  Stalker  
  26  3:39  Probe  
  21  4:07  Stalker x2  
  25  4:17  Pylon  
  25  4:19  Probe  
  26  4:27  Probe  
  27  4:37  Probe  
  28  4:52  Stalker  
  30  4:55  Pylon  
  30  5:04  Shield Battery  
  28  5:14  Stalker  
  28  5:24  Stalker  
  26  5:36  Stalker  
Tags
 
Add a new tag
Caveats
  • Supply blocks, unpowered buildings, or Contaminate may cause inaccurate times.
  • Supply counts are checked every 10 seconds.